 Dungeon Crawl Stone Soup version 0.25.1-2-g60ff931df9 (webtiles) character file.

Game seed: 16832329588481605385

2 AuftragZ the Charmwright (level 1, 0/9 HPs)
             Began as a Felid Skald on Aug 5, 2020.
             Slain by a goblin (4 damage)
             ... on level 2 of the Dungeon.
             The game lasted 00:01:11 (216 turns).

AuftragZ the Charmwright (Felid Skald)               Turns: 216, Time: 00:01:12

Health: 0/9        AC:  1    Str:  7    XL:     1   Next: 33%
Magic:  3/4        EV: 18    Int: 14    God:
Gold:   7          SH:  0    Dex: 15    Spells: 3/4 levels left
                                        Lives:  0   Deaths: 0

rFire    . . .     SeeInvis +     - Unarmed
rCold    . . .     Gourm    .   (shield unavailable)
rNeg     . . .     Faith    .   (armour unavailable)
rPois    .         Spirit   .   (helmet unavailable)
rElec    .         Reflect  .   (cloak unavailable)
rCorr    .         Harm     .   (gloves unavailable)
MR       .....                  (boots unavailable)
Stlth    ++........             (no amulet)
HPRegen  0.03/turn              (no ring)
MPRegen  0.09/turn              (no ring)

@: infused, quick
A: very small, no armour, no weapons or thrown items, stealth, claws 1, fangs 3,
see invisible, carnivore, speed 1, shaggy fur 1, slow metabolism 1, sharp paws
a: no special abilities


You were on level 2 of the Dungeon.
You were not hungry.

You visited 1 branch of the dungeon, and saw 2 of its levels.

You collected 7 gold pieces.

Inventory:

Comestibles
 b - a ration


   Skills:
 + Level 2.0 Fighting
 + Level 3.2 Dodging
 + Level 2.0 Unarmed Combat
 + Level 2.0 Spellcasting
 + Level 3.7 Charms


You had 3 spell levels left.
You knew the following spells:

 Your Spells              Type           Power        Failure   Level  Hunger
a - Infusion              Chrm           ##..         4%          1    ##.....

Your spell library contained the following spells:

 Spells                   Type           Power        Failure   Level  Hunger
 Song of Slaying          Chrm           ##......     8%          2    ###....
 Shroud of Golubria       Chrm/Tloc      #.....       17%         2    ###....
 Ozocubu's Armour         Chrm/Ice       #.......     32%         3    ####...
 Spectral Weapon          Hex/Chrm       Unusable     N/A         3    N/A

Dungeon Overview and Level Annotations

Branches:
Dungeon (1/15)

Altars:
Hepliaklqana
The Shining One


Innate Abilities, Weirdness & Mutations

You cannot wear armour.
You are incapable of wielding weapons or throwing items.
Your paws allow you to move quietly. (Stealth)
You have sharp claws.
You have razor-sharp teeth.
You have supernaturally acute eyesight. (SInv)
You are carnivorous and can eat meat at any time.
You cover ground quickly.
You are covered in fur. (AC +1)
You have a slow metabolism.
Your sharp claws are effective at attacking unaware monsters.


Message History

You start resting.
Your magical infusion is running out.
You start resting.
Magic restored.
You are no longer magically infusing your attacks.
A goblin comes into view.
Found 13 gold pieces.
Casting: Infusion (safe; 4% risk of failure)
Confirm with . or Enter, or press ? or * to list all spells.
You begin infusing your attacks with magical energy.
The goblin shouts!
A rat comes into view.
The goblin closely misses you.
You closely miss the goblin. The goblin hits you.
You barely miss the goblin. The goblin hits you.
You barely miss the goblin.
You scratch the goblin but do no damage.
The goblin barely misses you.
You closely miss the goblin. The goblin hits you.
You die...

#.......#.#.##.#####
#.......#.#.##.#
##.............#
#.....###.#####
#.....##...#
########...# #...#
#...# #@..# #g..#
....... ..........
.......$...
##.......###
#.#...#.# #.#...#.#


You could see a goblin.

Vanquished Creatures
  2 hobgoblins
2 creatures vanquished.

Notes
Turn   | Place    | Note
-------+----------+-------------------------------------------
     0 | D:1      | AuftragZ the Felid Skald began the quest for the Orb.
     0 | D:1      | Reached XP level 1. HP: 9/9 MP: 4/4
    55 | D:1      | You fall into a shaft and drop 1 floor!
   108 | D:2      | Found a hazy altar of Hepliaklqana.
   116 | D:2      | Found a glowing golden altar of the Shining One.
   216 | D:2      | Slain by a goblin

Illustrated notes

Levels and vault maps discovered:
D:1:      doesnt_arrival_eight_statues, layout_basic, minmay_parallelograms,
          hangedman_abyss_or_decor_lesser_grid, corexii_leaking_fountain,
          minmay_misc_feat_iff
D:2:      layout_loops_cross, grunt_temple_overflow_open, minmay_misc_feat_roman

Action                   || total
-------------------------++-------
Melee: Unarmed           ||     7
       Bite              ||     1
 Cast: Infusion          ||     3
  Eat: Chunk             ||     1
Dodge: Dodged            ||     3
